 Dungeon Crawl Stone Soup version 0.23-b1-6-ga921848b48 (webtiles) character file.

Game seed: 4933486968619823313

885113 DildoBatman the Petrodigitator (level 27, -28/201 HPs)
             Began as a Formicid Wizard on Feb 1, 2019.
             Was an Initiate of Gozag.
             Killed by dispel undead
             ... invoked by a revenant
              (42 damage)
             ... on level 1 of the Abyss on Feb 2, 2019.
             The game lasted 06:15:12 (78156 turns).

DildoBatman the Petrodigitator (Formicid Wizard)   Turns: 78156, Time: 06:15:12

Health: -28/201    AC: 32    Str: 15 (24) XL:     27
Magic:  34/44      EV: 21    Int: 19 (27) God:    Gozag
Gold:   14197      SH: 18    Dex: 10 (15) Spells: 1/60 levels left

rFire    + . .     SeeInvis +   a - +8 glaive of the Guard {elec, +Rage AC+5 SInv}
rCold    + + +     Gourm    .   U - +0 large shield
rNeg     + + +     Faith    .   l - +4 troll leather armour
rPois    ∞         Spirit   .   (helmet unavailable)
rElec    .         Reflect  .   q - scarf {rC+ rF+}
rCorr    +         Harm     .   y - +1 pair of gloves of Starshine {rC+ rCorr Str-4 Dex+6}
MR       +++..                  Y - +2 pair of boots {Fly}
Stlth    +++++.....             m - amulet of the Pharaoh's Fist {RegenMP *Slow Str+10}
HPRegen  0.83/turn              w - +5 ring of evasion
MPRegen  0.54/turn              K - +5 ring of protection

@: lich-form, gold aura, flying, studying 2 skills
A: permanent stasis, dig shafts and tunnels, four strong arms, antennae 3, sense
surroundings 1, strong 1
}: 5/15 runes: decaying, serpentine, silver, golden, abyssal
a: Dig, Shaft Self, End Transformation, Potion Petition, Call Merchant, Bribe
Branch, Renounce Religion, Stop Flying


You were on level 1 of the Abyss.
You worshipped Gozag.
Gozag was extremely pleased with you.
You were not hungry.
You were a lich.
You visited 13 branches of the dungeon, and saw 56 of its levels.
You visited the Abyss 3 times.
You also visited: Gauntlet, Volcano and Wizlab.

You collected 39850 gold pieces.
You spent 8991 gold pieces at shops.
You paid 16662 gold pieces to Gozag.

Inventory:

Hand Weapons
 a - the +8 glaive of the Guard (weapon) {elec, +Rage AC+5 SInv}
   (You bought it in a shop on level 2 of the Orcish Mines)

   Occasionally, upon striking a foe, it will discharge some electrical energy
   and cause terrible harm.
   It affects your AC (+5).
   It lets you see invisible.
   It lets you go berserk.
 b - the +11 scimitar "Fonoidug" {drain, *Noise Int+7}
   (You found it on level 2 of the Swamp)

   A truly terrible weapon, it drains the life of those it strikes.
   It affects your intelligence (+7).
   It may make noises in combat.
 e - the +9 staff of Wucad Mu {channel}
   (You took it off a deep elf archer on level 3 of the Elven Halls)
Armour
 l - a +4 troll leather armour (worn)
 q - a scarf of resistance (worn)
 y - the +1 pair of gloves of Starshine (worn) {rC+ rCorr Str-4 Dex+6}
   (You found it on level 3 of the Elven Halls)

   It affects your strength (-4).
   It affects your dexterity (+6).
   It protects you from cold.
   It provides partial protection from all sources of acid and corrosion.
 D - a +2 pair of boots of running
 G - the +5 chain mail of the Equator {Slay+2}
   (You found it on level 5 of the Abyss)

   It affects your accuracy and damage with ranged weapons and melee attacks
   (+2).
 U - a +0 large shield (worn)
 Y - a +2 pair of boots of flying (worn)
Jewellery
 m - the amulet of the Pharaoh's Fist (around neck) {RegenMP *Slow Str+10}
   (You found it on level 3 of the Tomb of the Ancients)

   [amulet of magic regeneration]

   It increases your magic regeneration.
   It affects your strength (+10).
   It may slow you when you take damage.
 n - the ring of Vanity {+Inv rF+ MP+9}
   (You found it on level 4 of the Depths)

   [ring of protection from fire]

   It protects you from fire.
   It affects your magic capacity (+9).
   It lets you turn invisible.
 r - an uncursed amulet of regeneration
 w - a +5 ring of evasion (left hand)
 A - the ring "Royhue" {rC+ MR+}
   (You found it in a wizard's laboratory)

   [ring of protection from cold]

   It protects you from cold.
   It affects your resistance to hostile enchantments.
 K - a +5 ring of protection (right hand)
Wands
 E - a wand of acid (32)
 J - a wand of clouds (4)
 P - a wand of scattershot (13)
Scrolls
 d - 14 scrolls of fog
 f - 3 scrolls of torment
 p - 8 scrolls of amnesia
 x - 24 scrolls of remove curse
 z - 15 scrolls of identify
 C - 7 scrolls of magic mapping
Potions
 g - 3 potions of cancellation
 i - 19 potions of curing
 k - 4 potions of magic
 u - a potion of flight
 H - 5 potions of ambrosia
 W - 9 potions of heal wounds
Books
 j - a manual of Short Blades
 I - a manual of Poison Magic
Miscellaneous
 c - the horn of Geryon
 h - a lightning rod (4/4)
 s - a phial of floods
 t - a lamp of fire
 F - a phantom mirror
Comestibles
 v - 40 rations


   Skills:
 - Level 13.0 Fighting
 - Level 4.0 Short Blades
 - Level 17.6 Polearms
 - Level 12.0 Armour
 - Level 10.0 Dodging
 - Level 12.0 Stealth
 - Level 15.0 Shields
 - Level 17.0 Spellcasting
   Level 5.0 Conjurations
 - Level 10.0 Hexes
 - Level 10.0 Charms
 - Level 10.0 Summonings
 - Level 21.0 Necromancy
   Level 0.8 Translocations
 - Level 21.0 Transmutations
 - Level 10.0 Ice Magic
 * Level 20.7 Air Magic
 O Level 27 Earth Magic
 - Level 8.1 Poison Magic
 - Level 12.0 Evocations


You had one spell level left.
You knew the following spells:

 Your Spells              Type           Power        Failure   Level  Hunger
a - Borgnjor's Vile Clut  Necr/Erth      ########..   0%          5    N/A
b - Shatter               Erth           #######...   6%          9    N/A
c - Spectral Weapon       Hex/Chrm       ######..     1%          3    N/A
d - Necromutation         Tmut/Necr      #######...   4%          8    N/A
e - Regeneration          Chrm/Necr      #######...   1%          3    N/A
f - Ozocubu's Armour      Chrm/Ice       ######..     1%          3    N/A
g - Tornado               Air            #######...   63%         9    N/A
h - Dispel Undead         Necr           #######.     1%          5    N/A
i - Aura of Abjuration    Summ           ######....   1%          5    N/A
j - Silence               Hex/Air        ######....   1%          5    N/A
k - Swiftness             Chrm/Air       ######..     0%          2    N/A
z - Sublimation of Blood  Necr           #######...   0%          2    N/A

Your spell library contained the following spells:

 Spells                   Type           Power        Failure   Level  Hunger
 Animate Skeleton         Necr           N/A          0%          1    N/A
 Beastly Appendage        Tmut           ######       0%          1    N/A
 Pain                     Necr           ####         0%          1    N/A
 Confusing Touch          Hex            ######       1%          1    N/A
 Corona                   Hex            ######.      1%          1    N/A
 Freeze                   Ice            ####         1%          1    N/A
 Infusion                 Chrm           ####         1%          1    N/A
 Magic Dart               Conj           ####         1%          1    N/A
 Shock                    Conj/Air       ####         1%          1    N/A
 Sting                    Conj/Pois      ####         1%          1    N/A
 Summon Butterflies       Summ           ######..     1%          1    N/A
 Summon Small Mammal      Summ           ####         1%          1    N/A
 Apportation              Tloc           ###...       3%          1    N/A
 Passwall                 Tmut/Erth      #######.     0%          2    N/A
 Poisonous Vapours        Pois/Air       ######       0%          2    N/A
 Sticks to Snakes         Tmut           #######.     0%          2    N/A
 Airstrike                Air            #######...   0%          4    N/A
 Animate Dead             Necr           N/A          0%          4    N/A
 Petrify                  Tmut/Erth      #######.     0%          4    N/A
 Lee's Rapid Deconstruct  Erth           #######...   0%          5    N/A
 Call Imp                 Summ           ######..     1%          2    N/A
 Searing Ray              Conj           #####.       1%          2    N/A
 Shroud of Golubria       Chrm/Tloc      #####.....   1%          2    N/A
 Slow                     Hex            ######..     1%          2    N/A
 Song of Slaying          Chrm           ######..     1%          2    N/A
 Throw Frost              Conj/Ice       #####.       1%          2    N/A
 Confuse                  Hex            ######..     1%          3    N/A
 Dazzling Spray           Conj/Hex       #####.       1%          3    N/A
 Ignite Poison            Fire/Tmut/Pois ######..     1%          3    N/A
 Inner Flame              Hex/Fire       #####...     1%          3    N/A
 Mephitic Cloud           Conj/Pois/Air  ######..     1%          3    N/A
 Portal Projectile        Hex/Tloc       #####.       1%          3    N/A
 Recall                   Summ/Tloc      N/A          1%          3    N/A
 Spider Form              Tmut/Pois      ######....   1%          3    N/A
 Static Discharge         Conj/Air       ######..     1%          3    N/A
 Tukima's Dance           Hex            ######..     1%          3    N/A
 Cause Fear               Hex            ######....   1%          4    N/A
 Fulminant Prism          Conj/Hex       #####.....   1%          4    N/A
 Ice Form                 Ice/Tmut       ######..     1%          4    N/A
 Leda's Liquefaction      Hex/Erth       ######....   1%          4    N/A
 Olgreb's Toxic Radiance  Pois           #####...     1%          4    N/A
 Summon Ice Beast         Ice/Summ       ######..     1%          4    N/A
 Summon Lightning Spire   Summ/Air       ######..     1%          4    N/A
 Throw Icicle             Conj/Ice       #####...     1%          4    N/A
 Alistair's Intoxication  Tmut/Pois      ######..     1%          5    N/A
 Blade Hands              Tmut           #######...   1%          5    N/A
 Bolt of Magma            Conj/Fire/Erth ######....   1%          5    N/A
 Excruciating Wounds      Chrm/Necr      #######...   1%          5    N/A
 Irradiate                Conj/Tmut      ######....   1%          5    N/A
 Lightning Bolt           Conj/Air       ######....   1%          5    N/A
 Metabolic Englaciation   Hex/Ice        ######....   1%          5    N/A
 Summon Demon             Summ           ######....   1%          5    N/A
 Summon Mana Viper        Hex/Summ       ######..     1%          5    N/A
 Yara's Violent Unravell  Hex/Tmut       ######....   1%          5    N/A
 Death Channel            Necr           #######...   1%          6    N/A
 Deflect Missiles         Chrm/Air       ######....   1%          6    N/A
 Hydra Form               Tmut           #######...   1%          6    N/A
 Iron Shot                Conj/Erth      ######....   1%          6    N/A
 Simulacrum               Ice/Necr       #######...   1%          6    N/A
 Statue Form              Tmut/Erth      #######..    1%          6    N/A
 Dragon Form              Tmut           #######...   1%          7    N/A
 Throw Flame              Conj/Fire      ####..       2%          2    N/A
 Conjure Ball Lightning   Conj/Air       ######....   3%          6    N/A
 Conjure Flame            Conj/Fire      ####....     4%          3    N/A
 Freezing Cloud           Conj/Ice/Air   ######....   4%          6    N/A
 Borgnjor's Revivificati  Necr           #######...   4%          8    N/A
 Infestation              Necr           #######...   4%          8    N/A
 Iskenderun's Mystic Bla  Conj           #####...     5%          4    N/A
 Iskenderun's Battlesphe  Conj/Chrm      #####...     5%          5    N/A
 Haunt                    Necr/Summ      #######...   6%          7    N/A
 Venom Bolt               Conj/Pois      #####.....   8%          5    N/A
 Gell's Gravitas          Tloc           ###.......   9%          3    N/A
 Lesser Beckoning         Tloc           ###.......   9%          3    N/A
 Darkness                 Hex            ######....   11%         6    N/A
 Invisibility             Hex            ######..     11%         6    N/A
 Ozocubu's Refrigeration  Ice            ######....   11%         6    N/A
 Shadow Creatures         Summ           N/A          11%         6    N/A
 Force Lance              Conj/Tloc      ####....     12%         4    N/A
 Summon Forest            Summ/Tloc      #####.....   12%         5    N/A
 Sticky Flame             Conj/Fire      ####....     14%         4    N/A
 Passage of Golubria      Tloc           N/A          28%         4    N/A
 Bolt of Cold             Conj/Ice       #####.....   28%         6    N/A
 Lehudib's Crystal Spear  Conj/Erth      ######....   36%         8    N/A
 Fireball                 Conj/Fire      ####......   38%         5    N/A
 Death's Door             Chrm/Necr      #######...   43%         8    N/A
 Summon Hydra             Summ           ######....   50%         7    N/A
 Spellforged Servitor     Conj/Summ      #####.....   85%         7    N/A
 Bolt of Fire             Conj/Fire      ####......   92%         6    N/A
 Dispersal                Tloc           ###.......   99%         6    N/A
 Orb of Destruction       Conj           #####.....   99%         7    N/A
 Ring of Flames           Chrm/Fire      #####.....   99%         7    N/A
 Discord                  Hex            ######....   99%         8    N/A
 Disjunction              Tloc           ###.......   100%        8    N/A
 Ignition                 Fire           ###.......   100%        8    N/A
 Blink                    Tloc           Unusable     N/A         2    N/A
 Controlled Blink         Tloc           Unusable     N/A         8    N/A

Dungeon Overview and Level Annotations

Branches:
Dungeon (15/15)            Temple (1/1) D:6            Lair (6/6) D:8
  Swamp (4/4) Lair:4        Snake (4/4) Lair:2        Slime (0/5) Lair:6
    Orc (2/2) D:11            Elf (3/3) Orc:2        Vaults (5/5) D:13
  Crypt (3/3) Vaults:2       Tomb (3/3) Crypt:3      Depths (5/5) D:15
   Hell (1/1)                 Dis (4/7) Hell            Geh (0/7) Hell
    Coc (0/7) Hell            Tar (0/7) Hell            Zot (0/5) Depths:5

Altars:
Ashenzari
Cheibriados
Dithmenos
Elyvilon
Fedhas
Gozag
Hepliaklqana
Kikubaaqudgha
Makhleb
Nemelex Xobeh
Okawaru
Qazlal
Ru
Sif Muna
Trog
Uskayaw
Vehumet
Wu Jian
Xom
Yredelemnul
Zin
The Shining One
Beogh
Lugonu

Shops:
D:4 (   D:10 (   D:13 *   D:14 (   Orc:2 [=}((   Elf:1 *(   Snake:4 =}=
Vaults:3 =   Crypt:3 :   Depths:2 [   Depths:4 [[   Depths:5 [

Portals:
Hell: Depths:1 Depths:2 Depths:3 Depths:4 Depths:5
Abyss: Depths:1 Depths:4
Pandemonium: Depths:3
Ziggurat: Depths:2

Annotations:
Elf:2 2 runed translucent doors


Innate Abilities, Weirdness & Mutations

You cannot be hasted, slowed, berserked, paralysed or teleported.
You can dig through walls and to a lower floor.
Your four strong arms can wield two-handed weapons with a shield.
You have a pair of large antennae on your head. (SInv)
You passively map a small area around you.
Your muscles are strong. (Str +2)


Message History

The purple very ugly thing claws you!!
You extend your mandibles.
You dig through the rock wall.
The zombie hands constrict the purple very ugly thing.
You kill the purple very ugly thing!
You feel your intelligence returning.
The zombie hands constrict the revenant!
The zombie hands constrict the bone dragon!!
Your spectral weapon is engulfed in spectral mist.
Your spectral weapon shares its damage with you!
Your spectral weapon is engulfed in spectral mist.
Your spectral weapon shares its damage with you!
Your spectral weapon fades away.
The black draconian is engulfed in spectral mist.
The black draconian breathes lightning at you.
The bolt of lightning hits you!! x2
The revenant gestures violently at you.
You convulse!
You die...
Your body crumbles into a pile of gold. # . ##. ### .#...... #.#.##..#. . #..#...#. .## ........X...# . .....ww{..#+ ### #?..§☼.##.. { +#L# {{{☼

# ##{{##§Z# # #§
R{○#{{#Rd§#X#{
....☼{R{{°.##LD#.u.
.
.#..{{.°########.#
...# ..°.Z○# ##
........§.#!
..).....§§.. ..
...#.≈≈≈≈≈§# #


You could see a bone dragon, a green very ugly thing, a black draconian, a
revenant, a large abomination and a spectral stone giant.

Vanquished Creatures
  Khufu (Tomb:3)
  Mara (Tomb:1)
  4 ancient liches
  Mennas (Vaults:4)
  The ghost of Synox the Slayer, a legendary FoFi of Ru (Vaults:2)
  29 greater mummies
  Sojobo (Crypt:2)
  Margery (Crypt:1)
  Boris (Crypt:1)
  Vashnia (Snake:4)
  Xtahua (Vaults:2)
  Saint Roka (Elf:2)
  2 caustic shrikes
  Geryon (Hell)
  Jory (Crypt:1)
  4 golden dragons
  11 bone dragons
  2 profane servitors (Abyss:5)
  A Tzitzimitl (Dis:2)
  An iron giant (Dis:4)
  11 liches
  2 hellephants (Hell)
  A moon troll (WizLab)
  3 tentacled monstrosities
  3 titans (Vaults:5)
  3 deep elf blademasters
  3 quicksilver dragons
  2 deep elf master archers (Elf:3)
  12 ancient champions
  An Executioner (Abyss:5)
  47 tentacled starspawn
  5 thorn hunters
  11 sphinxes
  7 tengu reavers
  3 shadow dragons
  Agnes (D:15)
  10 storm dragons
  Donald (Crypt:2)
  9 nagarajas
  3 daevas
  9 fire giants
  A revenant (Crypt:2)
  An iron dragon (Vaults:5)
  A ghost moth (Abyss:5)
  3 deep elf sorcerers
  An orc warlord (Elf:2)
  22 vault wardens
  2 caustic shrike zombies
  5 balrugs
  4 cacodemons
  A draconian scorcher (Abyss:3)
  14 frost giants
  20 ironheart preservers
  A draconian shifter (Depths:5)
  2 juggernaut zombies
  4 angels
  23 reapers
  3 curse skulls
  5 deep elf elementalists
  A ghoul (Crypt:1)
  9 war gargoyles
  3 spriggan defenders
  A draconian annihilator (Abyss:5)
  Nessos (D:14)
  5 entropy weavers
  The ghost of Bence the Protected, a journeyman MiBe of Trog (Lair:6)
  27 stone giants
  A juggernaut skeleton (Crypt:1)
  10 vampire knights
  63 very ugly things
  3 black draconians
  A lorocyproca (Depths:4)
  13 bennus
  A green draconian (Depths:5)
  7 deep elf annihilators
  2 yellow draconians (Depths:5)
  A dire elephant (D:15)
  6 spark wasps (Depths:4)
  6 deep elf demonologists
  The ghost of Bolunijamo the Blocker, a journeyman GnFi of Okawaru (Lair:5)
  3 purple draconians (Depths:5)
  4 red draconians
  A minotaur (Gauntlet)
  15 ettins
  7 blizzard demons
  7 deep elf death magi
  A merfolk javelineer (Abyss:4)
  2 green deaths (Abyss:5)
  3 quicksilver dragon zombies
  4 crystal guardians
  An ettin (shapeshifter) (Vaults:5)
  4 eidola
  2 deep elf high priests (Vaults:5)
  9 jiangshi
  20 mummy priests
  8 fire dragons
  A quicksilver dragon skeleton (Abyss:5)
  16 great orbs of eyes
  33 vault guards
  14 yaktaur captains
  A hell beast (Dis:2)
  9 rakshasas
  A spriggan air mage (Depths:3)
  3 shambling mangroves
  11 ice dragons
  The ghost of H0rd4k the Slicer, a journeyman HuAr of Gozag (D:11)
  21 naga warriors
  25 hydras
  3 ghost crabs
  A catoblepas (shapeshifter) (Vaults:5)
  24 ogre magi
  9 anacondas
  9 centaur warriors
  14 alligators
  6 tengu warriors
  3 death knights
  A two-headed ogre (shapeshifter) (Vaults:2)
  A death yak (Lair:4)
  68 thrashing horrors
  13 deep troll shamans
  6 titan zombies
  10 deep troll earth magi
  67 two-headed ogres
  8 spriggan berserkers
  5 vampire magi
  23 hell hogs (Abyss:5)
  5 orc high priests
  9 shock serpents
  10 spriggans
  38 death scarabs
  16 naga sharpshooters
  An iron golem (Hell)
  31 deep elf knights
  Urug (D:11)
  5 sun demons
  6 soul eaters
  5 storm dragon zombies
  3 titan skeletons
  2 fire crabs (shapeshifter)
  25 hell knights
  7 salamander mystics
  31 wretched stars
  6 sixfirhies
  A death drake (Abyss:3)
  59 skeletal warriors
  A storm dragon skeleton (Hell)
  6 shadow wraiths
  9 iron trolls
  A spectral death yak (Lair:6)
  2 golden dragon zombies
  2 spriggan druids
  33 deep trolls
  3 ghost moth zombies
  An orange crystal statue (WizLab)
  10 glowing orange brains
  9 spatial maelstroms
  2 anaconda zombies
  11 unseen horrors
  7 flayed ghosts
  11 swamp dragons
  Pikel (D:3)
  21 deep elf archers
  10 wizards
  2 golden dragon skeletons
  A shadow dragon zombie (Dis:2)
  An iron giant skeleton (Crypt:1)
  A tengu zombie (Hell)
  8 phantasmal warriors
  23 necromancers
  4 wolf spider zombies
  8 naga ritualists
  An obsidian statue (Vaults:1)
  4 oklob plants (Lair:2)
  21 ironbrand convokers
  An iron dragon zombie (Hell)
  2 anaconda skeletons (Hell)
  79 deep elf magi
  2 wolf spiders (shapeshifter) (Vaults:5)
  22 orc knights
  A lindwurm (Orc:1)
  A shadow dragon skeleton (Crypt:3)
  A sphinx zombie (Depths:4)
  16 mana vipers
  54 ugly things
  5 worldbinders
  5 orc sorcerers
  A sphinx skeleton (Crypt:2)
  6 frost giant zombies
  7 wolf spiders
  20 salamanders
  2 manticores
  9 elephants
  8 cyclopes
  A statue (Abyss:5)
  A fire giant zombie (Dis:4)
  A moth of wrath (Gauntlet)
  An orb spider (Abyss:5)
  5 stone giant zombies
  2 spriggan zombies
  A guardian serpent (shapeshifter) (Vaults:4)
  A cyclops (shapeshifter) (Depths:1)
  2 iron dragon skeletons (Crypt:3)
  Joseph (Lair:1)
  2 frost giant skeletons
  6 apocalypse crabs
  2 ice statues (Hell)
  13 vault sentinels
  39 black mambas
  2 molten gargoyles (Lair:5)
  14 guardian serpents
  A toenail golem (Abyss:5)
  17 naga magi
  17 rust devils
  2 stone giant skeletons
  A water nymph (shapeshifter) (Vaults:5)
  2 fire giant skeletons
  11 orange demons
  6 eyes of devastation
  3 centaur skeletons (D:15)
  14 spiny frogs
  27 smoke demons
  A death yak zombie (Lair:5)
  2 minotaur zombies (Gauntlet)
  A redback zombie (Crypt:2)
  8 komodo dragons
  20 freezing wraiths
  4 hellions
  A red draconian zombie (Dis:2)
  5 yaktaur zombies
  2 yaktaurs (shapeshifter)
  An anaconda simulacrum (Hell)
  69 yaktaurs
  12 red devils
  5 kobold demonologists
  A komodo dragon (shapeshifter) (Vaults:1)
  15 ice devils
  41 guardian mummies
  5 efreet
  A queen bee (D:12)
  A queen bee (shapeshifter) (Vaults:1)
  10 tormentors
  25 ancient zymes
  A demonic crawler (Depths:4)
  10 hellwings
  2 jumping spiders (shapeshifter)
  2 meliai (shapeshifter)
  10 trolls
  4 hydra zombies
  7 tengu conjurers
  2 harpy zombies (Dis:2)
  The ghost of blaro the Chopper, an amateur HOFi (D:5)
  A queen ant zombie (Crypt:1)
  3 meliai (D:12)
  5 fire dragon zombies
  2 wind drakes (shapeshifter)
  Grinder (D:3)
  27 slime creatures
  16 hornets
  12 polar bears
  A merfolk (D:15)
  84 raiju
  A deep troll zombie (Hell)
  8 bog bodies
  A hornet (shapeshifter) (Depths:2)
  10 hippogriffs
  9 tyrant leeches
  A hippogriff (shapeshifter) (Abyss:5)
  A dream sheep (shapeshifter) (Vaults:5)
  A fire giant simulacrum (Hell)
  12 blink frogs
  An iron dragon simulacrum (Depths:4)
  An alligator zombie (Hell)
  5 hydra skeletons
  2 ice dragon zombies
  15 redbacks
  77 flying skulls
  3 ettin skeletons
  A meliai zombie (D:15)
  A stone giant simulacrum (Abyss:5)
  8 air elementals
  22 ushabtiu
  7 ynoxinuls
  8 shadows
  7 black mamba zombies
  4 water elementals
  2 ettin zombies (Dis:2)
  3 vampires
  3 tarantellas
  11 wraiths
  47 yaks
  2 yaks (shapeshifter)
  A dire elephant simulacrum (Abyss:3)
  5 wyverns
  2 basilisks
  3 black mamba skeletons
  A hog (shapeshifter) (Depths:5)
  10 fire elementals
  12 fire bats
  12 chaos spawn
  22 neqoxecs
  12 vampire mosquitoes
  The ghost of Thargor the Skirmisher, an amateur DsBe of Trog (D:3)
  4 hungry ghosts
  11 golden eyes (WizLab)
  A wind drake skeleton (Crypt:2)
  13 insubstantial wisps
  The ghost of DildoBatman the Conjurer, an amateur FoWz (D:3)
  3 soldier ants (shapeshifter)
  A spectral spiny frog (Lair:6)
  18 swamp worms
  3 acid dragons
  A hydra simulacrum (Lair:6)
  7 wargs
  A soldier ant (D:14)
  2 two-headed ogre zombies (Crypt:1)
  42 hell hounds
  13 spatial vortices
  72 nagas
  4 spiny frog zombies
  A torturous demonspawn skeleton (Crypt:2)
  2 floating eyes
  9 water moccasins
  8 porcupines
  Duvessa (D:5)
  6 eyes of draining
  4 ice beasts
  13 swamp drakes
  4 slaves (D:4)
  4 spiny frog skeletons
  An elf simulacrum (Depths:3)
  11 black bears (Lair:6)
  35 orc warriors
  4 necrophages
  3 sky beasts
  A fire dragon simulacrum (Hell)
  28 wolves
  3 eyes of draining (shapeshifter)
  65 large abominations
  45 ogres
  3 phantoms
  2 snapping turtle zombies
  21 centaurs
  A centaur (shapeshifter) (Elf:3)
  29 boggarts
  A snapping turtle skeleton (Tomb:3)
  4 crocodiles
  2 blink frog skeletons
  A crocodile (shapeshifter) (Vaults:4)
  A dream sheep skeleton (Lair:4)
  A hippogriff zombie (D:14)
  3 komodo dragon zombies
  17 bullfrogs
  A salamander zombie (Crypt:1)
  17 big kobolds
  A draconian skeleton (Crypt:1)
  A gnoll sergeant (D:8)
  A wyvern zombie (D:11)
  4 earth elementals
  An elf skeleton (Crypt:3)
  Dowan (D:5)
  A komodo dragon skeleton (Lair:4)
  3 scorpions
  38 small abominations
  A wyvern skeleton (D:11)
  34 killer bees
  A troll zombie (D:14)
  A yak zombie (Lair:6)
  16 wights
  10 howler monkeys
  11 crimson imps
  6 quasits
  4 lava snakes (Lair:5)
  7 centaur zombies
  128 starcursed masses
  26 orc priests
  2 bullfrog zombies
  3 hounds
  A human zombie (Dis:2)
  A jelly (D:9)
  Crazy Yiuf (D:7)
  A black bear zombie (Crypt:2)
  3 bullfrog skeletons
  2 iguanas
  33 iron imps
  19 orc wizards
  Natasha (D:3)
  A human skeleton (Crypt:3)
  A porcupine zombie (Lair:6)
  11 worker ants
  2 yak simulacra (Lair:6)
  2 porcupine skeletons
  2 polar bear simulacra (Lair:6)
  3 wolf simulacra (Lair:6)
  An acid dragon zombie (D:15)
  A big kobold zombie (D:15)
  A demigod zombie (Crypt:2)
  An ogre skeleton (D:15)
  A crocodile skeleton (Lair:5)
  A hound zombie (D:6)
  3 human simulacra
  A hound skeleton (D:10)
  60 mummies
  Robin (D:3)
  A worker ant zombie (D:6)
  7 gnolls
  A gnoll (shapeshifter) (D:15)
  A howler monkey skeleton (Crypt:1)
  A scorpion zombie (D:15)
  11 adders
  5 shadow imps
  6 white imps
  5 ufetubi
  A worm zombie (Crypt:2)
  An adder zombie (D:9)
  An orc skeleton (D:15)
  3 adder skeletons (D:7)
  An iguana skeleton (Crypt:1)
  3 worms
  4 dart slugs
  6 leopard geckos
  105 orcs
  2 ball pythons
  6 giant cockroaches
  13 goblins
  11 hobgoblins
  12 jackals
  A quokka (D:9)
  9 bats
  6 frilled lizards
  A goblin zombie (D:14)
  A jackal skeleton (D:4)
  28 kobolds
  2 kobold skeletons
  A leopard gecko skeleton (D:4)
  4 rats
  4 river rat simulacra (Lair:6)
  A demonic plant (WizLab)
  2 fungi (Elf:2)
  9 lurking horrors
  54 starspawn tentacles
4010 creatures vanquished.

Vanquished Creatures (collateral kills)
  A greater mummy (Tomb:1)
  A vault warden (Vaults:2)
  A bennu (Tomb:1)
  A killer bee (D:8)
4 creatures vanquished.

Vanquished Creatures (others)
  37 dancing weapons
  A deep troll earth mage (Depths:4)
  A wretched star (Abyss:5)
  A skeletal warrior (Crypt:3)
  A salamander mystic (Snake:4)
  An ugly thing (Abyss:5)
  A large abomination (Abyss:5)
  A toenail golem (Abyss:3)
  A yaktaur (Vaults:4)
  6 raiju (Abyss:5)
  A flying skull (Crypt:3)
  A yak (Lair:5)
  A ynoxinul (Abyss:5)
  A fire bat (Abyss:4)
  A fire elemental (Hell)
  3 golden eyes (Abyss:5)
  A small abomination (Abyss:5)
  A naga (Snake:4)
  16 spatial vortices (Abyss:5)
  A water moccasin (shapeshifter) (Depths:4)
  2 swamp drakes
  An ogre (Vaults:3)
  A lava snake (Lair:5)
  An orc priest (Orc:2)
  An orc (Orc:2)
  A kobold (Abyss:3)
  4 briar patches (Swamp:2)
  2 demonic plants (WizLab)
  22 fungi
  5 lurking horrors
  14 plants
  58 spectral weapons
  87 starspawn tentacles
  6 toadstools (Swamp:2)
  2 withered plants (D:3)
285 creatures vanquished.

Grand Total: 4299 creatures vanquished

Notes
Turn   | Place    | Note
-------+----------+-------------------------------------------
     0 | D:1      | DildoBatman the Formicid Wizard began the quest for the
                  | Orb.
     0 | D:1      | Reached XP level 1. HP: 13/13 MP: 4/4
    43 | D:1      | Reached skill level 1 in Conjurations
   211 | D:1      | Reached XP level 2. HP: 19/19 MP: 1/6
   434 | D:1      | Reached XP level 3. HP: 5/24 MP: 7/7
  1414 | D:2      | Reached XP level 4. HP: 16/30 MP: 3/8
  1556 | D:2      | Learned a level 2 spell: Slow
  1560 | D:2      | Learned a level 3 spell: Mephitic Cloud
  2049 | D:3      | Noticed Robin
  2150 | D:3      | Found a runed translucent gate.
  2176 | D:3      | Found a sacrificial altar of Ru.
  2289 | D:3      | Killed Robin
  2289 | D:3      | Reached XP level 5. HP: 11/35 MP: 2/9
  2311 | D:3      | Found a runed translucent gate.
  2311 | D:3      | Found a runed translucent gate.
  2317 | D:3      | Noticed Thargor's ghost (amateur DsBe)
  2317 | D:3      | Noticed DildoBatman's ghost (amateur FoWz)
  2357 | D:3      | Noticed Grinder
  2524 | D:3      | Noticed an ice beast
  2563 | D:3      | Reached skill level 1 in Poison Magic
  2708 | D:3      | Noticed Natasha
  2869 | D:4      | Reached skill level 1 in Polearms
  2990 | D:4      | Reached skill level 1 in Air Magic
  3043 | D:4      | Reached XP level 6. HP: 38/41 MP: 3/10
  3054 | D:4      | Noticed Pikel
  3102 | D:4      | Noticed a slave
  3123 | D:4      | Killed a slave
  3149 | D:4      | Found Touclytu's Weapon Boutique.
  3196 | D:4      | Noticed an ogre
  3207 | D:4      | Killed an ogre
  3529 | D:4      | Noticed a slave
  3592 | D:4      | Reached XP level 7. HP: 8/46 MP: 3/11
  3966 | D:5      | Entered Level 5 of the Dungeon
  4013 | D:5      | Noticed Duvessa
  4013 | D:5      | Noticed Dowan
  4275 | D:5      | Reached skill level 1 in Shields
  4422 | D:5      | Reached skill level 5 in Poison Magic
  4532 | D:5      | Found a runed translucent gate.
  4532 | D:5      | Found a runed translucent gate.
  4532 | D:5      | Found a runed translucent gate.
  4625 | D:5      | Found an iron altar of Okawaru.
  4653 | D:5      | Noticed blaro's ghost (amateur HOFi)
  4706 | D:6      | Reached XP level 8. HP: 23/52 MP: 12/12
  4952 | D:6      | Reached skill level 1 in Armour
  4982 | D:6      | Reached skill level 1 in Fighting
  4993 | D:6      | Found a staircase to the Ecumenical Temple.
  5002 | Temple   | Entered the Ecumenical Temple
  5269 | Temple   | Became a worshipper of Kikubaaqudgha
  5360 | D:6      | Got a transparent scale mail
  5371 | D:6      | Identified the cursed +0 scale mail of the Soldier {rC+
                  | MP+9} (You found it on level 6 of the Dungeon)
  5585 | D:6      | Found a bloodstained altar of Trog.
  5949 | D:5      | Killed Duvessa
  5957 | D:5      | Killed Dowan
  6184 | D:3      | Killed Natasha
  6525 | D:7      | Reached XP level 9. HP: 43/61 MP: 11/15
  6719 | D:7      | Found a runed translucent door.
  6719 | D:7      | Noticed Crazy Yiuf
  6731 | D:7      | Killed Crazy Yiuf
  6731 | D:7      | Reached skill level 5 in Dodging
  6896 | D:7      | Noticed a hippogriff
  6916 | D:7      | Killed a hippogriff
  7019 | D:7      | Reached * piety under Kikubaaqudgha
  7019 | D:7      | Identified Kikubaaqudgha's Collected Works on Unholy Rites
                  | (Kikubaaqudgha gifted it to you on level 7 of the Dungeon)
  7019 | D:7      | Received a gift from Kikubaaqudgha
  7025 | D:7      | Learned a level 3 spell: Regeneration
  7464 | D:8      | Noticed a hippogriff
  7486 | D:8      | Killed a hippogriff
  7687 | D:8      | Reached skill level 1 in Hexes
  7693 | D:8      | Reached skill level 1 in Charms
  7694 | D:8      | Reached skill level 1 in Evocations
  7697 | D:8      | Reached skill level 1 in Necromancy
  7716 | D:8      | HP: 2/62 [ogre/cursed -1 giant club (31)]
  7724 | D:8      | Reached skill level 1 in Short Blades
  7724 | D:8      | Reached XP level 10. HP: 4/68 MP: 6/16
  7904 | D:8      | Reached ** piety under Kikubaaqudgha
  8096 | D:8      | Found a staircase to the Lair.
  8498 | D:8      | Got a jade-encrusted chain mail
  8548 | D:8      | Identified the +6 chain mail of Analysis {+Inv rElec MP+9
                  | Str-2} (You found it on level 8 of the Dungeon)
  9097 | D:9      | Noticed a two-headed ogre
  9146 | D:9      | Killed a two-headed ogre
  9269 | D:10     | Entered Level 10 of the Dungeon
  9324 | D:10     | Reached *** piety under Kikubaaqudgha
  9324 | D:10     | Identified Kikubaaqudgha's Handbook of Evil (Kikubaaqudgha
                  | gifted it to you on level 10 of the Dungeon)
  9324 | D:10     | Received a gift from Kikubaaqudgha
  9519 | D:10     | Found a radiant altar of Vehumet.
  9568 | D:10     | Reached XP level 11. HP: 62/75 MP: 10/18
  9679 | D:10     | Noticed a two-headed ogre
  9714 | D:10     | Killed a two-headed ogre
  9714 | D:10     | Reached skill level 5 in Stealth
  9714 | D:10     | Reached skill level 5 in Spellcasting
  9862 | D:10     | Reached skill level 5 in Shields
  9936 | D:10     | Found Purait's Antique Weapon Boutique.
 10030 | D:10     | Noticed a two-headed ogre
 10055 | D:10     | Killed a two-headed ogre
 10055 | D:10     | Reached skill level 5 in Conjurations
 10225 | D:11     | Noticed a two-headed ogre
 10283 | D:11     | Noticed Urug
 10310 | D:11     | Killed Urug
 10442 | D:10     | Killed a two-headed ogre
 10615 | D:10     | Gained mutation: Your movements are slightly less
                  | encumbered by armour. (ER -2) [potion of mutation]
 10615 | D:10     | Gained mutation: You do not regenerate when monsters are
                  | visible. [potion of mutation]
 10615 | D:10     | Gained mutation: You have very sharp teeth. [potion of
                  | mutation]
 10616 | D:10     | Lost mutation: You do not regenerate when monsters are
                  | visible. [potion of mutation]
 10616 | D:10     | Gained mutation: Your muscles are strong. (Str +2) [potion
                  | of mutation]
 10616 | D:10     | Lost mutation: Your movements are slightly less encumbered
                  | by armour. (ER -2) [potion of mutation]
 10616 | D:10     | Gained mutation: Your natural rate of healing is unusually
                  | fast. [potion of mutation]
 10616 | D:10     | Gained mutation: You have large cloven feet. [potion of
                  | mutation]
 10813 | D:11     | Found a runed translucent gate.
 10813 | D:11     | Found a runed translucent gate.
 10813 | D:11     | Found a runed translucent gate.
 10817 | D:11     | Noticed H0rd4k's ghost (journeyman HuAr)
 10834 | D:11     | Found a staircase to the Orcish Mines.
 10842 | D:11     | Reached skill level 5 in Armour
 10871 | D:11     | Reached **** piety under Kikubaaqudgha
 10871 | D:11     | Reached XP level 12. HP: 85/85 MP: 16/19
 10885 | D:11     | Reached skill level 5 in Fighting
 11149 | D:11     | Identified the +3 dagger of the Five People {drain, Int+5}
 11343 | D:11     | Reached skill level 5 in Hexes
 11829 | D:5      | Killed blaro's ghost
 11987 | D:3      | Killed Grinder
 11996 | D:3      | Reached skill level 5 in Evocations
 12131 | D:3      | Killed Thargor's ghost
 12138 | D:3      | Killed DildoBatman's ghost
 12481 | D:3      | Killed Pikel
 12770 | D:11     | Killed H0rd4k's ghost
 12784 | D:11     | Reached skill level 5 in Charms
 12831 | D:11     | Reached skill level 5 in Necromancy
 13019 | Orc:1    | Entered Level 1 of the Orcish Mines
 13187 | Orc:1    | Reached ***** piety under Kikubaaqudgha
 13326 | Orc:1    | Found a dark tunnel.
 13377 | Volcano  | Entered a volcano
 13398 | Volcano  | Noticed a two-headed ogre
 13417 | Volcano  | Killed a two-headed ogre
 13441 | Volcano  | Noticed a red draconian
 13494 | Volcano  | Killed a red draconian
 13494 | Volcano  | Reached XP level 13. HP: 59/93 MP: 12/20
 14213 | Orc:2    | Entered Level 2 of the Orcish Mines
 14288 | Orc:2    | Found a staircase to the Elven Halls.
 14288 | Orc:2    | Found a radiant altar of Vehumet.
 14684 | Orc:2    | Found a roughly hewn altar of Beogh.
 15341 | Orc:2    | Found Gygrit's Antique Weapon Shop.
 15341 | Orc:2    | Found Heoczofa's Weapon Shoppe.
 15343 | Orc:2    | Found Elea's Gadget Shoppe.
 15343 | Orc:2    | Found Genar's Jewellery Shop.
 15410 | Orc:2    | Found Wammun's Armour Shoppe.
 15721 | Lair:1   | Entered Level 1 of the Lair of Beasts
 16038 | Lair:1   | Noticed Joseph
 16082 | Lair:1   | Killed Joseph
 17112 | Lair:2   | Reached XP level 14. HP: 98/105 MP: 13/21
 17346 | Lair:2   | Found a staircase to the Snake Pit.
 17976 | Lair:3   | Reached ****** piety under Kikubaaqudgha
 17977 | Lair:3   | Received a gift from Kikubaaqudgha
 17981 | Lair:3   | Fell from the grace of Kikubaaqudgha
 18140 | Temple   | Became a worshipper of Gozag Ym Sagoz the Greedy
 18245 | D:8      | Learned a level 2 spell: Sublimation of Blood
 18251 | D:8      | Learned a level 5 spell: Dispel Undead
 18257 | D:8      | Learned a level 5 spell: Borgnjor's Vile Clutch
 18384 | Lair:2   | Noticed a reaper
 19153 | Lair:4   | Reached skill level 1 in Earth Magic
 19313 | Lair:4   | Found a staircase to the Swamp.
 19755 | Lair:4   | Reached skill level 2 in Earth Magic
 19890 | Lair:4   | Noticed a reaper
 20017 | Lair:4   | Reached skill level 3 in Earth Magic
 21019 | Lair:5   | Found a runed translucent door.
 21024 | Lair:5   | Noticed Bolunijamo's ghost (journeyman GnFi)
 21066 | Lair:5   | Reached skill level 4 in Earth Magic
 21672 | Lair:6   | Entered Level 6 of the Lair of Beasts
 21697 | Lair:6   | Found a staircase to the Slime Pits.
 21923 | Lair:6   | Found a runed translucent gate.
 21923 | Lair:6   | Found a runed translucent gate.
 21923 | Lair:6   | Found a runed translucent gate.
 22282 | Lair:5   | Reached skill level 5 in Earth Magic
 22897 | Lair:6   | Reached XP level 15. HP: 80/112 MP: 23/25
 23582 | Lair:6   | Reached skill level 6 in Earth Magic
 23964 | Orc:2    | Bought the +8 glaive of the Guard {elec, +Rage AC+5 SInv}
                  | for 2389 gold pieces
 23964 | Orc:2    | Found the +8 glaive of the Guard {elec, +Rage AC+5 SInv}
 24603 | Lair:6   | Reached skill level 5 in Polearms
 24714 | Lair:6   | Noticed Bence's ghost (journeyman MiBe)
 24833 | Lair:6   | Killed Bence's ghost
 24875 | Lair:6   | Reached skill level 7 in Earth Magic
 24904 | Lair:6   | Got a heavily runed brass amulet
 24956 | Lair:6   | Identified the amulet "Pievat" {Inacc rF- Int+3 SInv} (You
                  | found it on level 6 of the Lair of Beasts)
 25033 | Lair:5   | Killed Bolunijamo's ghost
 25302 | Lair:2   | Noticed a reaper
 25719 | D:10     | Bought a warped scimitar for 306 gold pieces
 25720 | D:10     | Identified the cursed +0 scimitar of Skirmishing {slice,
                  | *Noise +Blink rPois SInv} (You bought it in a shop on level
                  | 10 of the Dungeon)
 26069 | D:12     | Found a glowing golden altar of the Shining One.
 26393 | D:13     | Found Masag's General Store.
 26396 | D:13     | Bought a scroll of fog for 24 gold pieces
 26396 | D:13     | Bought a potion of curing for 36 gold pieces
 26396 | D:13     | Bought a potion of ambrosia for 96 gold pieces
 26622 | D:13     | Reached skill level 8 in Earth Magic
 26651 | D:13     | Found a gate to the Vaults.
 28074 | D:14     | Reached XP level 16. HP: 119/119 MP: 29/29
 28260 | D:14     | Noticed Nessos
 28276 | D:14     | Killed Nessos
 28395 | D:14     | Found Leygg's Weapon Shop.
 28499 | D:15     | Entered Level 15 of the Dungeon
 28499 | D:15     | Noticed Agnes
 28651 | D:15     | Found the +4 moon troll leather armour {Spirit, Regen++
                  | MP+5}
 28715 | D:15     | Found a gate leading to a gauntlet.
 28731 | Gauntlet | Entered a Gauntlet
 28731 | Gauntlet | Found a transporter.
 28731 | Gauntlet | Found a transporter.
 28731 | Gauntlet | Found a transporter.
 28738 | Gauntlet | Found a transporter.
 28738 | Gauntlet | Found a transporter.
 28752 | Gauntlet | Reached skill level 9 in Earth Magic
 28780 | Gauntlet | Found a transporter.
 28780 | Gauntlet | Found a transporter.
 28859 | Gauntlet | Found a transporter.
 28949 | Gauntlet | Identified the Handbook of Floating Combat Magic
 28954 | Gauntlet | Got an iridescent spear
 28990 | Gauntlet | Found a transporter.
 29077 | Gauntlet | Identified the cursed +0 spear "Qeeto" {protect, rF++ MR+
                  | Str-2} (You found it in a Gauntlet)
 29264 | D:15     | Was forgiven by Kikubaaqudgha
 29735 | D:15     | Killed Agnes
 29783 | D:15     | Found a burning altar of Makhleb.
 30244 | D:15     | Reached skill level 10 in Spellcasting
 30299 | D:15     | Reached skill level 10 in Earth Magic
 30341 | D:15     | Got a crude bone amulet
 30359 | D:15     | Learned a level 2 spell: Swiftness
 30365 | D:15     | Identified the amulet of Pocurhe {Inacc *Drain +Inv rPois
                  | Str+4} (You found it on level 15 of the Dungeon)
 30514 | D:15     | Found a staircase to the Depths.
 30879 | D:8      | Upgraded the game from 0.23-b1-3-gdda8187c6f to
                  | 0.23-b1-6-ga921848b48
 30951 | Snake:1  | Entered Level 1 of the Snake Pit
 31189 | Snake:1  | Reached skill level 10 in Necromancy
 32571 | Snake:1  | Reached XP level 17. HP: 124/124 MP: 31/31
 32687 | Snake:1  | Reached skill level 11 in Earth Magic
 35085 | Snake:3  | Reached skill level 10 in Polearms
 35386 | Snake:3  | Reached skill level 12 in Earth Magic
 35804 | Snake:4  | Entered Level 4 of the Snake Pit
 36198 | Snake:4  | Reached XP level 18. HP: 103/131 MP: 24/33
 36439 | Snake:4  | Found Cuurusen's Jewellery Emporium.
 36439 | Snake:4  | Found Heruesm's Gadget Boutique.
 36440 | Snake:4  | Found Noteg's Jewellery Emporium.
 36566 | Snake:4  | Bought a +5 ring of evasion for 1210 gold pieces
 36954 | Snake:4  | Noticed Vashnia
 37125 | Snake:4  | Killed Vashnia
 37125 | Snake:4  | Reached skill level 10 in Shields
 37472 | Snake:4  | Got a serpentine rune of Zot
 38269 | Swamp:1  | Entered Level 1 of the Swamp
 38352 | Swamp:1  | Reached XP level 19. HP: 113/138 MP: 15/36
 39095 | Swamp:2  | Got a warped scimitar
 40312 | Swamp:4  | Entered Level 4 of the Swamp
 40772 | Swamp:4  | Reached XP level 20. HP: 56/144 MP: 4/38
 40946 | Swamp:4  | Got a decaying rune of Zot
 41374 | D:8      | Identified the +11 scimitar "Fonoidug" {drain, *Noise
                  | Int+7} (You found it on level 2 of the Swamp)
 41494 | Elf:1    | Entered Level 1 of the Elven Halls
 41575 | Elf:1    | Found Zewas's Mass Market.
 42022 | Elf:1    | Found Lylenweu's Antique Weapon Boutique.
 42042 | Elf:1    | Reached skill level 15 in Spellcasting
 42623 | Elf:2    | Found a roughly hewn altar of Beogh.
 42629 | Elf:2    | Reached skill level 15 in Shields
 43077 | Elf:2    | Learned a level 8 spell: Necromutation
 43132 | Elf:2    | Found a large runed translucent door.
 43132 | Elf:2    | Found a large runed translucent door.
 43154 | Elf:2    | Found a large runed translucent door.
 43154 | Elf:2    | Found a large runed translucent door.
 43390 | Elf:2    | Reached XP level 21. HP: 150/150 MP: 24/40
 43416 | Elf:2    | Noticed Saint Roka
 43556 | Elf:2    | Killed Saint Roka
 43709 | Elf:3    | Entered Level 3 of the Elven Halls
 43821 | Elf:3    | Found a magical portal.
 43843 | WizLab   | Entered Lehudib's Moon Base
 43867 | WizLab   | Found a transporter.
 43988 | WizLab   | Reached skill level 15 in Necromancy
 44626 | WizLab   | Got a translucent leather armour
 44670 | WizLab   | Lost mutation: You have large cloven feet. [potion of
                  | mutation]
 44670 | WizLab   | Lost mutation: Your muscles are strong. (Str +2) [potion of
                  | mutation]
 44670 | WizLab   | Lost mutation: Your natural rate of healing is unusually
                  | fast. [potion of mutation]
 44670 | WizLab   | Gained mutation: You expend magic power (3 MP) to
                  | strengthen your wands. [potion of mutation]
 44670 | WizLab   | Gained mutation: You are somewhat resistant to further
                  | mutation. [potion of mutation]
 44671 | WizLab   | Lost mutation: You expend magic power (3 MP) to strengthen
                  | your wands. [potion of mutation]
 44671 | WizLab   | Lost mutation: You are somewhat resistant to further
                  | mutation. [potion of mutation]
 44671 | WizLab   | Lost mutation: You have very sharp teeth. [potion of
                  | mutation]
 44671 | WizLab   | Gained mutation: You are partially covered in rugged brown
                  | scales. (AC +1, +3% HP) [potion of mutation]
 44671 | WizLab   | Gained mutation: You have sharp toenails. [potion of
                  | mutation]
 44888 | WizLab   | Found a transporter.
 44959 | WizLab   | Gained mutation: Your body sometimes deteriorates upon
                  | taking damage. [a neqoxec]
 44960 | WizLab   | Gained mutation: You do not regenerate when monsters are
                  | visible. [a neqoxec]
 44973 | WizLab   | Lost mutation: Your body sometimes deteriorates upon taking
                  | damage. [potion of mutation]
 44973 | WizLab   | Lost mutation: You have sharp toenails. [potion of
                  | mutation]
 44973 | WizLab   | Lost mutation: You do not regenerate when monsters are
                  | visible. [potion of mutation]
 44973 | WizLab   | Gained mutation: Your muscles are strong. (Str +2) [potion
                  | of mutation]
 44973 | WizLab   | Gained mutation: You are partially covered in yellow
                  | scales. (AC +2) [potion of mutation]
 45045 | WizLab   | Got a glittering steel ring
 45391 | WizLab   | Identified the cursed +1 troll leather armour "Hulah"
                  | {Regen+ Dex+5}
 45421 | WizLab   | Identified Lehudib's Reference Book on Hurtful Clay
 45456 | WizLab   | Got a pair of distressingly furry boots
 45467 | WizLab   | Got a crystal hunting sling
 45480 | Elf:3    | Identified the +9 hunting sling of Gozag's Reproof {freeze,
                  | SInv} (You found it in a wizard's laboratory)
 45492 | Elf:3    | Identified the +3 leather armour "Emaeruri" {Int+3} (You
                  | found it in a wizard's laboratory)
 45508 | Elf:3    | Identified the +1 pair of boots "Avatab" {rF- MR++} (You
                  | found it in a wizard's laboratory)
 45535 | Elf:3    | Identified the ring "Royhue" {rC+ MR+} (You found it in a
                  | wizard's laboratory)
 45538 | Elf:3    | Lost mutation: You are partially covered in rugged brown
                  | scales. (AC +1, +3% HP) [potion of mutation]
 45538 | Elf:3    | Lost mutation: Your muscles are strong. (Str +2) [potion of
                  | mutation]
 45538 | Elf:3    | Gained mutation: Your muscles are strong. (Str +2) [potion
                  | of mutation]
 45538 | Elf:3    | Gained mutation: You are resistant to hostile enchantments.
                  | (MR+) [potion of mutation]
 45652 | Elf:3    | Found an ancient bone altar of Kikubaaqudgha.
 45657 | Elf:3    | Reached XP level 22. HP: 148/157 MP: 34/41
 46402 | Elf:3    | Identified the ring "Etsoz" {MR+ MP+9 Dex+4}
 46494 | Elf:3    | Identified the cursed +1 ring mail of the Failed Coup {rN+
                  | Str+3 Stlth-}
 46595 | Elf:3    | Identified the Catalogue of Creative Glamour
 47032 | Elf:3    | Identified Ginger's Collected Works on Cold and the Compass
 47060 | Elf:3    | Got a blackened scale mail
 47062 | Elf:3    | Got a pair of smoking gloves
 47101 | Elf:3    | Got a twisted helmet
 47163 | Elf:3    | Identified the +5 scale mail of the Forest {rC+} (You found
                  | it on level 3 of the Elven Halls)
 47179 | Elf:3    | Identified the +1 pair of gloves of Starshine {rC+ rCorr
                  | Str-4 Dex+6} (You found it on level 3 of the Elven Halls)
 47790 | Vaults:1 | Entered Level 1 of the Vaults
 48043 | Vaults:1 | Reached skill level 1 in Transmutations
 48376 | Vaults:1 | Reached skill level 5 in Transmutations
 48667 | Vaults:1 | Reached XP level 23. HP: 119/162 MP: 6/42
 49169 | Vaults:2 | Got an ebony falchion
 49170 | Vaults:2 | Identified the +6 falchion of Deojous {slice, rN+} (You
                  | found it on level 2 of the Vaults)
 49200 | Vaults:2 | Found a runed translucent door.
 49223 | Vaults:2 | Noticed Synox's ghost (legendary FoFi)
 49269 | Vaults:2 | Found a staircase to the Crypt.
 49269 | Vaults:2 | Found a basalt altar of Yredelemnul.
 49270 | Vaults:2 | Found an ancient bone altar of Kikubaaqudgha.
 49379 | Vaults:2 | Reached skill level 10 in Transmutations
 49554 | Vaults:2 | Noticed Xtahua
 49568 | Vaults:2 | Killed Xtahua
 50109 | Vaults:2 | Killed Synox's ghost
 50483 | Vaults:3 | Reached XP level 24. HP: 169/169 MP: 4/42
 50495 | Vaults:3 | Reached skill level 15 in Transmutations
 51227 | Vaults:3 | Identified Jigou's Reference Book on Hurtful Contamination
 51332 | Vaults:3 | Found Heykhoxt's Jewellery Boutique.
 51670 | Vaults:4 | Noticed Mennas
 51695 | Vaults:4 | Killed Mennas
 52414 | Vaults:4 | Identified the amulet "Kimeoleo" {Acrobat +Blink rN+}
 52836 | Vaults:4 | Reached XP level 25. HP: 175/175 MP: 36/42
 52943 | Vaults:5 | Entered Level 5 of the Vaults
 52944 | Vaults:5 | Noticed an ancient lich
 53140 | D:13     | Identified 2 scrolls of acquirement
 53180 | D:13     | Reached XP level 26. HP: 181/181 MP: 42/42
 53215 | D:13     | Identified a +0 pair of boots of running (You acquired it
                  | on level 13 of the Dungeon)
 53389 | Crypt:1  | Entered Level 1 of the Crypt
 53877 | Crypt:1  | Got a scintillating golden ring
 53951 | Crypt:1  | Noticed Boris
 53963 | Crypt:1  | Killed Boris
 53987 | Crypt:1  | Noticed Jory
 54000 | Crypt:1  | Killed Jory
 54110 | Crypt:1  | Noticed Margery
 54139 | Crypt:1  | Killed Margery
 54482 | Crypt:2  | Noticed Donald
 54495 | Crypt:2  | Killed Donald
 54724 | Crypt:2  | Identified the ring of Qousydir {*Tele +Inv rPois rF- rC++}
                  | (You found it on level 1 of the Crypt)
 55004 | Crypt:2  | Noticed Sojobo
 55022 | Crypt:2  | Killed Sojobo
 55022 | Crypt:2  | Reached skill level 13 in Earth Magic
 55224 | Crypt:3  | Entered Level 3 of the Crypt
 55789 | Crypt:3  | Identified the ring of Redghilud {*Slow +Inv +Fly Int+2}
 55953 | Crypt:3  | Noticed an ancient lich
 55958 | Crypt:3  | Killed an ancient lich
 55969 | Crypt:3  | Reached XP level 27. HP: 141/187 MP: 11/42
 55974 | Crypt:3  | Found a basalt altar of Yredelemnul.
 56248 | Crypt:3  | Reached skill level 14 in Earth Magic
 56626 | Crypt:3  | Found a staircase to the Tomb.
 56717 | Tomb:1   | Entered Level 1 of the Tomb of the Ancients
 56788 | Tomb:1   | Noticed Mara
 56816 | Tomb:1   | Noticed DildoBatman's illusion
 56853 | Tomb:1   | HP: 7/187 [DildoBatman's illusion/dispel undead[Mara] (61)]
 56896 | Crypt:3  | Bought a book of Summonings for 1330 gold pieces
 56896 | Crypt:3  | Bought Imisit's Catalogue of Snow for 830 gold pieces
 56896 | Crypt:3  | Bought a book of Battle for 760 gold pieces
 56896 | Crypt:3  | Bought a book of the Tempests for 1330 gold pieces
 56901 | Crypt:3  | Learned a level 3 spell: Spectral Weapon
 56905 | Crypt:3  | Learned a level 3 spell: Ozocubu's Armour
 56911 | Crypt:3  | Learned a level 5 spell: Silence
 56917 | Crypt:3  | Learned a level 5 spell: Summon Mana Viper
 56923 | Crypt:3  | Learned a level 5 spell: Aura of Abjuration
 57051 | Tomb:1   | Noticed DildoBatman's illusion
 57065 | Tomb:1   | Killed Mara
 57104 | Tomb:1   | Reached skill level 1 in Ice Magic
 57233 | Tomb:1   | Noticed a greater mummy
 57242 | Tomb:1   | Noticed a greater mummy
 57267 | Tomb:1   | Killed a greater mummy
 57269 | Tomb:1   | Killed a greater mummy
 57309 | Tomb:1   | Noticed a greater mummy
 57324 | Tomb:1   | Killed a greater mummy
 57619 | Tomb:1   | Got a scorched hunting sling
 57620 | Tomb:1   | Identified the cursed +3 hunting sling "Mycag" {flame,
                  | rElec MR+} (You found it on level 1 of the Tomb of the
                  | Ancients)
 58195 | Depths:1 | Entered Level 1 of the Depths
 58324 | Depths:1 | Reached skill level 5 in Air Magic
 58335 | Depths:1 | Reached skill level 10 in Stealth
 58539 | Depths:1 | Found a corrupted altar of Lugonu.
 58539 | Depths:1 | Found a one-way gate to the infinite horrors of the Abyss.
 58936 | Depths:1 | Found a gateway to Hell.
 59083 | Depths:2 | Reached skill level 10 in Evocations
 59168 | Depths:2 | Found a gateway to a ziggurat.
 59270 | Depths:2 | Reached skill level 15 in Earth Magic
 59530 | Depths:2 | Found Guv Fatt's Antique Armour Boutique.
 59601 | Depths:2 | Reached skill level 10 in Hexes
 59757 | Depths:2 | Reached skill level 5 in Summonings
 59916 | Depths:2 | Reached skill level 5 in Ice Magic
 60748 | Depths:3 | Lost mutation: You are resistant to hostile enchantments.
                  | (MR+) [potion of mutation]
 60748 | Depths:3 | Gained mutation: Your spells are a little harder to cast,
                  | but a little more powerful. [potion of mutation]
 60748 | Depths:3 | Lost mutation: Your muscles are strong. (Str +2) [potion of
                  | mutation]
 60748 | Depths:3 | Gained mutation: Your muscles are strong. (Str +2) [potion
                  | of mutation]
 60748 | Depths:3 | Gained mutation: Your system is resistant to poisons.
                  | (rPois) [potion of mutation]
 60857 | Depths:3 | Found a one-way gate leading to the halls of Pandemonium.
 61139 | Depths:3 | Reached skill level 16 in Earth Magic
 61761 | Depths:4 | Found the +12 Vampire's Tooth {vamp}
 61859 | Depths:4 | Got a bound lapis lazuli ring
 61869 | Depths:4 | Got a crude plate armour
 61905 | Depths:4 | Identified the +5 plate armour of Emykh {*Corrode Dex+7}
                  | (You found it on level 4 of the Depths)
 61906 | Depths:4 | Identified the ring of Vanity {+Inv rF+ MP+9} (You found it
                  | on level 4 of the Depths)
 62486 | Depths:5 | Entered Level 5 of the Depths
 62569 | Depths:5 | Reached skill level 10 in Charms
 62746 | Depths:5 | Reached skill level 17 in Earth Magic
 62910 | Depths:5 | Found Jaon's Armour Emporium.
 62957 | Depths:5 | Bought a scarf of repulsion for 168 gold pieces
 63026 | Depths:5 | Found a gate to the Realm of Zot.
 63328 | Depths:4 | Learned a level 9 spell: Shatter
 63411 | Hell     | Entered the Vestibule of Hell
 63411 | Hell     | Noticed Geryon
 63457 | Hell     | Reached skill level 10 in Summonings
 63506 | Hell     | Found a gateway to the Iron City of Dis.
 63570 | Hell     | Reached skill level 10 in Ice Magic
 63680 | Hell     | Killed Geryon
 63680 | Hell     | Reached skill level 18 in Earth Magic
 64050 | Hell     | Found a gateway to the ashen valley of Gehenna.
 64062 | Hell     | Reached skill level 19 in Earth Magic
 64200 | Hell     | Found a gateway to the decaying netherworld of Tartarus.
 64307 | Hell     | Found a gateway to the freezing wastes of Cocytus.
 64527 | Dis:1    | Entered Level 1 of the Iron City of Dis
 64609 | Dis:1    | You are sucked into a shaft!
 64938 | Dis:2    | Reached skill level 20 in Earth Magic
 66144 | Dis:3    | Reached skill level 21 in Earth Magic
 67009 | Dis:4    | Reached skill level 22 in Earth Magic
 68182 | Tomb:1   | Noticed a greater mummy
 68209 | Tomb:1   | Killed a greater mummy
 68241 | Tomb:1   | Noticed a greater mummy
 68251 | Tomb:1   | Killed a greater mummy
 68253 | Tomb:1   | Noticed a greater mummy
 68260 | Tomb:1   | Killed a greater mummy
 68260 | Tomb:1   | Reached skill level 23 in Earth Magic
 68324 | Tomb:1   | Noticed a greater mummy
 68332 | Tomb:1   | Killed a greater mummy
 68340 | Tomb:1   | Noticed a greater mummy
 68347 | Tomb:1   | Noticed a greater mummy
 68349 | Tomb:1   | Noticed a greater mummy
 68357 | Tomb:1   | Killed a greater mummy
 68361 | Tomb:1   | Killed a greater mummy
 68368 | Tomb:1   | Killed a greater mummy
 68391 | Tomb:1   | Noticed a greater mummy
 68398 | Tomb:1   | Killed a greater mummy
 68405 | Tomb:1   | Noticed a greater mummy
 68414 | Tomb:1   | Killed a greater mummy
 68414 | Tomb:1   | Reached skill level 24 in Earth Magic
 68420 | Tomb:1   | Noticed a greater mummy
 68432 | Tomb:1   | Killed a greater mummy
 68466 | Tomb:1   | Noticed a greater mummy
 68468 | Tomb:1   | Noticed a greater mummy
 68477 | Tomb:1   | Noticed a greater mummy
 68479 | Tomb:1   | Killed a greater mummy
 68487 | Tomb:1   | Killed a greater mummy
 68488 | Tomb:1   | Noticed a greater mummy
 68595 | Tomb:1   | Killed a greater mummy
 68650 | Tomb:1   | Killed a greater mummy
 68756 | Tomb:1   | Noticed a greater mummy
 68760 | Tomb:1   | Noticed a greater mummy
 68764 | Tomb:1   | Killed a greater mummy
 68770 | Tomb:1   | Killed a greater mummy
 68770 | Tomb:1   | Reached skill level 25 in Earth Magic
 68956 | Tomb:2   | Noticed a greater mummy
 68973 | Tomb:2   | Killed a greater mummy
 68973 | Tomb:2   | Noticed a greater mummy
 69065 | Tomb:2   | Noticed a greater mummy
 69081 | Tomb:2   | Noticed a greater mummy
 69120 | Tomb:2   | Killed a greater mummy
 69122 | Tomb:2   | Killed a greater mummy
 69144 | Tomb:1   | Reached skill level 26 in Earth Magic
 69192 | Tomb:2   | Killed a greater mummy
 69759 | Tomb:3   | Entered Level 3 of the Tomb of the Ancients
 69819 | Tomb:3   | Got a fine platinum ring
 69825 | Tomb:3   | Got a warped steel ring
 69876 | Tomb:3   | Noticed a greater mummy
 69897 | Tomb:2   | Killed a greater mummy
 69972 | Tomb:3   | Noticed an ancient lich
 69975 | Tomb:3   | Noticed a greater mummy
 69976 | Tomb:3   | Noticed a greater mummy
 69986 | Tomb:3   | Killed an ancient lich
 69986 | Tomb:3   | Reached skill level 27 in Earth Magic
 70043 | Tomb:3   | Noticed a greater mummy
 70046 | Tomb:3   | Noticed a greater mummy
 70054 | Tomb:3   | Killed a greater mummy
 70055 | Tomb:3   | Killed a greater mummy
 70056 | Tomb:3   | Killed a greater mummy
 70056 | Tomb:3   | Killed a greater mummy
 70174 | Tomb:3   | Noticed Khufu
 70283 | Tomb:3   | Killed Khufu
 70283 | Tomb:3   | Reached skill level 10 in Fighting
 70574 | Tomb:3   | Noticed a greater mummy
 70586 | Tomb:3   | Killed a greater mummy
 70608 | Tomb:3   | Got a heavily runed gossamer ring
 70625 | Tomb:3   | Got a coiled ruby amulet
 70727 | Tomb:3   | Noticed a greater mummy
 70738 | Tomb:3   | Killed a greater mummy
 70758 | Tomb:3   | Got a golden rune of Zot
 70880 | Tomb:3   | Got a twisted plate armour
 70887 | Tomb:3   | Got a brightly glowing trident
 70896 | Tomb:3   | Got a pitted falchion
 70942 | Tomb:3   | Identified the +9 trident "Zaunuc" {flame, rN+ Str+4
                  | Stlth-} (You found it on level 3 of the Tomb of the
                  | Ancients)
 70945 | Tomb:3   | Identified the cursed +1 falchion of Doubt {slice, Dex+2}
                  | (You found it on level 3 of the Tomb of the Ancients)
 70956 | Tomb:3   | Identified the cursed +1 plate armour of a bailey {+Inv MR-
                  | MP+9 SInv} (You found it on level 3 of the Tomb of the
                  | Ancients)
 70957 | Tomb:3   | Identified the amulet of the Pharaoh's Fist {RegenMP *Slow
                  | Str+10} (You found it on level 3 of the Tomb of the
                  | Ancients)
 70961 | Tomb:3   | Identified the ring of the Greedy {+Fly rPois rC- rN+++
                  | Dex-5} (You found it on level 3 of the Tomb of the
                  | Ancients)
 70963 | Tomb:3   | Identified the ring of Qazlal's Delight {MR+ Stlth+} (You
                  | found it on level 3 of the Tomb of the Ancients)
 70965 | Tomb:3   | Identified the ring "Eggecif" {Fire rElec} (You found it on
                  | level 3 of the Tomb of the Ancients)
 71220 | Vaults:1 | You fall through a shaft!
 71277 | Vaults:5 | Killed an ancient lich
 71277 | Vaults:5 | Reached skill level 10 in Armour
 71632 | Vaults:5 | Reached skill level 10 in Dodging
 72046 | Vaults:5 | Identified the Guide on Malediction
 72600 | Vaults:5 | Got a silver rune of Zot
 72602 | Vaults:5 | Got an iridescent falchion
 72605 | Vaults:5 | Got a steaming halberd
 73140 | Vaults:1 | Reached skill level 10 in Air Magic
 73480 | Depths:4 | Identified the +4 falchion of Conscience {elec, MR++ Str+4
                  | Dex+4} (You found it on level 5 of the Vaults)
 73483 | Depths:4 | Identified the +5 halberd of the Pyrrhic Victory {chop,
                  | +Fly Dex+2 Stlth-} (You found it on level 5 of the Vaults)
 73514 | Depths:4 | Lost mutation: Your spells are a little harder to cast, but
                  | a little more powerful. [potion of mutation]
 73514 | Depths:4 | Lost mutation: You are partially covered in yellow scales.
                  | (AC +2) [potion of mutation]
 73514 | Depths:4 | Gained mutation: Your spells are a little easier to cast,
                  | but a little less powerful. [potion of mutation]
 73514 | Depths:4 | Gained mutation: You are partially covered in slimy green
                  | scales. (AC +2) [potion of mutation]
 73516 | Depths:4 | Lost mutation: Your muscles are strong. (Str +2) [potion of
                  | mutation]
 73516 | Depths:4 | Lost mutation: You are partially covered in slimy green
                  | scales. (AC +2) [potion of mutation]
 73516 | Depths:4 | Gained mutation: You are dopey. (Int -2) [potion of
                  | mutation]
 73516 | Depths:4 | Gained mutation: You passively map a small area around you.
                  | [potion of mutation]
 73558 | Depths:4 | Voluntarily entered the Abyss.
 74442 | Abyss:3  | Learned a level 9 spell: Tornado
 74568 | Abyss:3  | Found a corrupted altar of Lugonu.
 74598 | Abyss:3  | Found a corrupted altar of Lugonu.
 74970 | Abyss:3  | Reached skill level 15 in Polearms
 75132 | Abyss:3  | Reached skill level 15 in Air Magic
 75304 | Abyss:5  | Entered Level 5 of the Abyss
 75310 | Abyss:5  | Found a corrupted altar of Lugonu.
 76065 | Depths:4 | Escaped the Abyss
 76109 | Depths:4 | Lost mutation: Your system is resistant to poisons. (rPois)
                  | [potion of mutation]
 76109 | Depths:4 | Lost mutation: You are dopey. (Int -2) [potion of mutation]
 76109 | Depths:4 | Lost mutation: Your spells are a little easier to cast, but
                  | a little less powerful. [potion of mutation]
 76109 | Depths:4 | Lost mutation: You passively map a small area around you.
                  | [potion of mutation]
 76109 | Depths:4 | Gained mutation: You passively map a small area around you.
                  | [potion of mutation]
 76109 | Depths:4 | Gained mutation: Your muscles are strong. (Str +2) [potion
                  | of mutation]
 76132 | Depths:4 | Bought a scarf of resistance for 512 gold pieces
 76193 | Depths:4 | Voluntarily entered the Abyss.
 76352 | Abyss:3  | Got an ichor-stained robe
 76839 | Abyss:4  | Got an abyssal rune of Zot
 76911 | Abyss:5  | Entered Level 5 of the Abyss
 76993 | Abyss:5  | Found a shadowy altar of Dithmenos.
 77758 | Abyss:5  | Found a corrupted altar of Lugonu.
 77764 | Abyss:5  | Got a polished chain mail
 77886 | Abyss:5  | Noticed an ancient lich
 77909 | Abyss:5  | Killed an ancient lich
 77975 | Depths:4 | Escaped the Abyss
 78048 | Depths:4 | Identified the cursed +1 robe "Vowayfoliy" {Str+4 Int+3}
                  | (You found it on level 3 of the Abyss)
 78064 | Depths:4 | Identified the +5 chain mail of the Equator {Slay+2} (You
                  | found it on level 5 of the Abyss)
 78125 | Depths:4 | Voluntarily entered the Abyss.
 78156 | Abyss:1  | Killed from afar by a revenant

Skill      XL: |  1  2  3  4  5  6  7  8  9 10 11 12 13 14 15 16 17 18 19 20 21 22 23 24 25 26 27 |
---------------+----------------------------------------------------------------------------------+-----
Conjurations   | 1 2 3 4 5 |  5.0
Poison Magic   | 2 3 5 6 7 8 |  8.1
Polearms       | 1 2 3 4 6 8 10 12 13 14 17 | 17.6
Air Magic      | 1 2 3 4 20 | 20.7
Shields        | 2 3 4 5 9 11 13 15 | 15.0
Armour         | 2 3 5 7 8 12 | 12.0
Dodging        | 4 6 10 | 10.0
Fighting       | 2 3 4 6 8 9 13 | 13.0
Stealth        | 3 4 6 8 9 12 | 12.0
Spellcasting   | 4 5 7 9 10 11 13 14 15 17 | 17.0
Hexes          | 1 3 4 8 10 | 10.0
Charms         | 1 2 3 5 10 | 10.0
Evocations     | 1 2 4 6 8 9 12 | 12.0
Necromancy     | 1 2 3 5 7 9 10 11 12 13 17 19 20 21 | 21.0
Short Blades   | 1 2 3 4 |  4.0
Earth Magic    | 5 8 10 12 13 27 | 27.0
Transmutations | 8 14 18 19 20 21 | 21.0
Ice Magic      | 10 | 10.0
Summonings     | 10 | 10.0
Translocations | |  0.8

Action                   |  1- 3 |  4- 6 |  7- 9 | 10-12 | 13-15 | 16-18 | 19-21 | 22-24 | 25-27 || total
-------------------------+-------+-------+-------+-------+-------+-------+-------+-------+-------++-------
Melee: Spear             |    83 |   110 |   345 |   576 |    31 |     1 |    30 |       |       ||  1176
       Dagger            |       |    21 |    39 |   315 |  1933 |       |       |       |       ||  2308
       Kick              |       |       |       |   106 |   222 |       |       |       |       ||   328
       Bite              |       |       |       |    47 |   256 |    97 |    74 |       |       ||   474
       Battleaxe         |       |       |       |       |    73 |    19 |    12 |       |       ||   104
       Glaive            |       |       |       |       |   441 |  1247 |   949 |  1099 |  5012 ||  8748
       Scimitar          |       |       |       |       |       |       |       |       |    22 ||    22
 Fire: Blowgun           |       |       |     1 |     2 |       |       |       |       |       ||     3
       Shortbow          |       |       |       |    14 |    24 |       |       |       |       ||    38
Throw: Stone             |       |       |       |       |    12 |       |       |       |       ||    12
 Cast: Magic Dart        |    74 |    28 |    40 |    14 |    23 |    13 |       |       |       ||   192
       Mephitic Cloud    |       |    14 |    33 |    94 |   143 |    46 |     1 |     1 |       ||   332
       Regeneration      |       |       |     1 |    18 |    24 |     4 |    16 |    18 |    40 ||   121
       Slow              |       |       |     1 |     9 |    54 |    17 |     1 |       |       ||    82
       Dispel Undead     |       |       |       |       |     8 |       |       |     9 |     9 ||    26
       Borgnjor's Vile C |       |       |       |       |       |    41 |   221 |   181 |   310 ||   753
       Sublimation of Bl |       |       |       |       |       |       |    31 |    40 |    62 ||   133
       Necromutation     |       |       |       |       |       |       |       |       |   247 ||   247
       Spectral Weapon   |       |       |       |       |       |       |       |       |   270 ||   270
       Shatter           |       |       |       |       |       |       |       |       |   123 ||   123
       Aura of Abjuratio |       |       |       |       |       |       |       |       |    12 ||    12
       Ozocubu's Armour  |       |       |       |       |       |       |       |       |     8 ||     8
Invok: Receive Necronomi |       |       |       |       |     1 |       |       |       |       ||     1
       Renounce Religion |       |       |       |       |     1 |       |       |       |       ||     1
       Potion Petition   |       |       |       |       |       |     3 |     7 |     6 |    24 ||    40
       Call Merchant     |       |       |       |       |       |       |       |       |     3 ||     3
 Abil: Dig               |     4 |    13 |    14 |    14 |    57 |    24 |    24 |    10 |    79 ||   239
       End Transformatio |       |       |       |       |       |       |       |       |    25 ||    25
       Shaft Self        |       |       |       |       |       |       |       |       |     1 ||     1
Evoke: Wand              |       |       |       |     7 |     7 |     1 |     1 |       |     4 ||    20
       Lamp of fire      |       |       |       |       |       |       |     2 |     1 |     1 ||     4
       Phial of floods   |       |       |       |       |       |       |       |     1 |       ||     1
       Staff of Wucad Mu |       |       |       |       |       |       |       |       |     6 ||     6
       Fan of gales      |       |       |       |       |       |       |       |       |     1 ||     1
       Horn of Geryon    |       |       |       |       |       |       |       |       |     1 ||     1
       Sack of spiders   |       |       |       |       |       |       |       |       |     1 ||     1
  Use: Scroll            |       |       |     5 |     5 |     9 |    14 |     4 |     2 |    33 ||    72
       Potion            |       |       |       |     2 |       |     3 |    11 |     7 |     8 ||    31
 Stab: Sleeping          |     1 |     1 |     4 |     4 |    15 |    16 |     7 |    11 |    26 ||    85
       Confused          |       |     4 |    14 |    50 |    99 |    26 |       |       |       ||   193
       Distracted        |       |     1 |       |       |     9 |    15 |     8 |    19 |   111 ||   163
       Paralysed         |       |       |       |     7 |     7 |       |       |       |       ||    14
       Invisible         |       |       |       |     1 |       |       |     7 |     1 |       ||     9
  Eat: Chunk             |     2 |     9 |    18 |    21 |    20 |       |       |       |       ||    70
       Ration            |       |       |       |     2 |    13 |    12 |    12 |     9 |     8 ||    56
Armor: Robe              |    11 |       |       |       |     9 |       |       |       |       ||    20
       Leather armour    |       |    11 |    56 |     8 |       |       |       |       |       ||    75
       Ring mail         |       |       |       |   162 |   561 |       |       |       |       ||   723
       Troll leather arm |       |       |       |       |   161 |   449 |   269 |   182 |  1379 ||  2440
Dodge: Dodged            |    48 |    45 |   153 |   359 |  1227 |   807 |   496 |   524 |  2773 ||  6432
       Deflected         |       |       |       |       |       |       |       |       |    45 ||    45
Block: Buckler           |       |       |    27 |   112 |   569 |   238 |       |       |       ||   946
       Shield            |       |       |       |       |       |   230 |   103 |       |       ||   333
       Large shield      |       |       |       |       |       |       |   666 |   856 |  4343 ||  5865
       Rpst.: Scimitar   |       |       |       |       |       |       |       |       |    25 ||    25
